 Dungeon Crawl Stone Soup version 0.31-a0-765-g67fe2935dc (webtiles) character file.

Game seed: 2375222024830867787

1725 heikuro the Shield-Bearer (level 9, -6/69 HPs)
             Began as a Formicid Fighter on Sept 15, 2023.
             Was a Believer of Okawaru.
             Mangled by a two-headed ogre
             ... wielding a +0 giant club
              (13 damage)
             ... on level 6 of the Dungeon.
             The game lasted 00:16:31 (6232 turns).

heikuro the Shield-Bearer (Formicid Fighter)        Turns: 6232, Time: 00:16:32

Health: -6/69      AC: 16    Str: 26    XL:     9   Next: 25%
Magic:  20/21      EV:  9    Int:  7    God:    Okawaru [**....]
Gold:   391        SH:  7    Dex: 13    Spells: 8/8 levels left

rFire   . . .        a - +0 war axe
rCold   . . .        c - +0 buckler
rNeg    . . .        z - +0 plate armour
rPois   .            (helmet unavailable)
rElec   .            x - +0 cloak
rCorr   .            (no gloves)
SInv    +            (no boots)
Will    .....        (no amulet) Stlth
                     t - ring of magical power
HPRegen 0.31/turn    (no ring)
MPRegen 0.17/turn

%: no passive effects
@: heroic
A: permanent stasis, dig shafts and tunnels, antennae 3, four strong arms
a: Dig, Shaft Self, Renounce Religion, Heroism


You were on level 6 of the Dungeon.
You worshipped Okawaru.
Okawaru was pleased with you.
You visited 2 branches of the dungeon, and saw 8 of its levels.

You collected 391 gold pieces.

Inventory:

Hand Weapons
 a - a +0 war axe (weapon)
 p - the +7 dagger of Doom {heavy, rC+ rN+ Str+3}
   (You found it on level 3 of the Dungeon)

   Str+3:     It affects your strength (+3).
   rC+:       It protects you from cold.
   rN+:       It protects you from negative energy.
Armour
 c - a +0 buckler (worn)
 x - a +0 cloak (worn)
 z - a +0 plate armour (worn)
Jewellery
 t - a ring of magical power (left hand)
Scrolls
 b - a scroll of blinking {unknown}
 f - 2 scrolls of revelation
 i - 2 scrolls of teleportation {unknown}
 j - a scroll of amnesia {unknown}
 k - a scroll of enchant weapon {unknown}
 l - 2 scrolls of poison {unknown}
 m - 2 scrolls of fog {unknown}
 n - a scroll of acquirement {unknown}
 q - a scroll of enchant armour {unknown}
 s - 2 scrolls of immolation {unknown}
 u - a scroll of noise {unknown}
 w - a scroll of identify
Potions
 d - 3 potions of might
 e - 2 potions of lignification
 g - a potion of invisibility
 h - a potion of magic
 o - 2 potions of attraction
 r - 2 potions of curing
 v - a potion of heal wounds


   Skills:
 + Level 6.1(11.1) Fighting
 * Level 7.0(12.0) Axes
 + Level 6.2(11.2) Armour
 + Level 7.3(12.3) Shields
 + Level 4.0 Invocations


You had 8 spell levels left.
You didn't know any spells.
Your spell library contained the following spells:

 Spells                   Type           Power      Damage    Failure   Level
 Freeze                   Ice            0%         1d3       99%         1
 Frozen Ramparts          Ice            0%         1d1       100%        3
 Hailstorm                Conj/Ice       0%         3d3       100%        3
 Passage of Golubria      Tloc           0%         N/A       100%        4
 Silence                  Hex/Air        0%         N/A       100%        5
 Lehudib's Crystal Spear  Conj/Erth      0%         10d2      100%        8


Dungeon Overview and Level Annotations

Branches:
Dungeon (7/15)             Temple (1/1) D:4

Altars:
Ashenzari
Elyvilon
Fedhas
Kikubaaqudgha
Makhleb
Nemelex Xobeh
Okawaru
Qazlal
Ru
Sif Muna
Trog
Uskayaw
Xom
Yredelemnul
Zin
The Shining One

Annotations:
D:3 1 runed translucent door, tinescath's ghost, amateur DrSh


Innate Abilities, Weirdness & Mutations

You cannot be hasted, slowed, berserked, paralysed or teleported.
You can dig through walls and to a lower floor.
You have a pair of large antennae on your head. (SInv)
Your four strong arms can wield two-handed weapons with a shield.


Message History

You closely miss the orc. The orc hits you with a +0 mace.
You barely miss the orc. You block the orc's attack.
A two-headed ogre comes into view. It is wielding two +0 giant clubs.
The orc hits you but does no damage.
The two-headed ogre shouts in stereo!
You hit the orc.
The orc is almost dead.
The orc hits you but does no damage.
You hit the orc but do no damage.
The orc is almost dead.
There are monsters nearby!
The two-headed ogre attacks as it pursues you!
The two-headed ogre hits you with a +0 giant club!!
You block the two-headed ogre's attack.
There is a stone staircase leading up, spattered with blood here.
You climb upwards.
There is a stone staircase leading down here.
Unknown command.
You gain the combat prowess of a mighty hero.
The two-headed ogre hits you with a +0 giant club!
* * * LOW HITPOINT WARNING * * *
You block the two-headed ogre's attack.
You slash the two-headed ogre!
The two-headed ogre is moderately wounded.
The two-headed ogre closely misses you. The two-headed ogre barely misses you.
You slash the two-headed ogre!
The two-headed ogre is heavily wounded.
You barely miss the two-headed ogre.
The two-headed ogre is heavily wounded.
The two-headed ogre hits you with a +0 giant club.
* * * LOW HITPOINT WARNING * * *
You block the two-headed ogre's attack.
You barely miss the two-headed ogre.
The two-headed ogre is heavily wounded.
You slice the two-headed ogre!!
The two-headed ogre is severely wounded.
The two-headed ogre hits you with a +0 giant club!
* * * LOW HITPOINT WARNING * * *
The two-headed ogre hits you with a +0 giant club!
You die...

#.#.##..##.#.##..........
#.#.##..##.##.#...####...
#.#.##..##.###...## #....
#.#.###.##.####..# #..#.
#.#.###.#...###..# #..#.
#.#..........##..# #..#.
#.#####.#....##..# #..#)
#........O.#.##..####..#.
#######.@..............##
#...............###
###############...) #####


You could see a two-headed ogre.

Vanquished Creatures
  A sky beast (D:6)
  A centaur (D:6)
  An ogre (D:5)
  A boggart (D:7)
  A bullfrog (D:6)
  7 scorpions
  3 wights (D:6)
  3 hounds (D:4)
  A jelly (D:5)
  An orc priest (D:5)
  Crazy Yiuf (D:4)
  A sleepcap (D:4)
  Jessica (D:2)
  5 iguanas
  3 orc wizards
  Robin (D:3)
  8 gnolls
  10 adders
  2 worms (D:2)
  5 dart slugs
  12 orcs
  6 bats
  7 endoplasms
  5 giant cockroaches
  17 goblins
  5 hobgoblins
  2 jackals (D:3)
  5 quokkas
  10 ball pythons
  4 frilled lizards
  5 kobolds
  8 rats
143 creatures vanquished.

Notes
Turn   | Place    | Note
-------+----------+-------------------------------------------
     0 | D:1      | heikuro the Formicid Fighter began the quest for the Orb.
     0 | D:1      | Reached XP level 1. HP: 18/18 MP: 1/1
    41 | D:1      | Reached XP level 2. HP: 19/24 MP: 2/2
   357 | D:1      | Reached XP level 3. HP: 29/29 MP: 3/3
   592 | D:2      | Upgraded the game from 0.31-a0-750-gfe7b580527 to
                  | 0.31-a0-765-g67fe2935dc
   953 | D:2      | Reached XP level 4. HP: 37/37 MP: 4/4
  1463 | D:3      | Noticed Jessica
  1474 | D:2      | Killed Jessica
  1606 | D:3      | Found a runed translucent door.
  1613 | D:3      | Noticed tinescath's ghost (amateur DrSh)
  1714 | D:3      | Noticed Robin
  1727 | D:3      | Reached XP level 5. HP: 38/42 MP: 5/5
  1937 | D:3      | Killed Robin
  1959 | D:3      | Reached skill level 5 in Shields
  2024 | D:3      | Identified the +7 dagger of Doom {heavy, rC+ rN+ Str+3}
  2323 | D:3      | Reached XP level 6. HP: 28/48 MP: 6/6
  2895 | D:4      | Found a blossoming altar of Fedhas.
  3032 | D:4      | Reached XP level 7. HP: 50/55 MP: 7/7
  3270 | D:4      | Found a staircase to the Ecumenical Temple.
  3280 | Temple   | Entered the Ecumenical Temple
  3293 | Temple   | Became a worshipper of Warmaster Okawaru
  3632 | D:4      | Found a runed translucent door.
  3633 | D:4      | Noticed Crazy Yiuf
  3647 | D:4      | Killed Crazy Yiuf
  3648 | D:4      | Reached skill level 1 in Invocations
  3787 | D:5      | Entered Level 5 of the Dungeon
  3796 | D:5      | Reached skill level 5 in Axes
  3812 | D:4      | Reached skill level 5 in Armour
  3950 | D:5      | Reached skill level 5 in Fighting
  4070 | D:4      | Reached XP level 8. HP: 52/62 MP: 9/9
  4116 | D:4      | Reached * piety under Okawaru
  5539 | D:6      | Reached ** piety under Okawaru
  5540 | D:6      | Reached XP level 9. HP: 35/69 MP: 11/11
  6076 | D:6      | Found a sacrificial altar of Ru.
  6198 | D:7      | Noticed a two-headed ogre
  6201 | D:7      | Noticed a two-headed ogre
  6232 | D:6      | Mangled by a two-headed ogre

Illustrated notes

Levels and vault maps discovered:
D:1:      dpeg_arrival_tiny_k, layout_basic
D:2:      layout_basic
D:3:      layout_rooms, ebering_ghost_sewer_d, uniq_jessica, uniq_robin
D:4:      layout_basic, mainiacjoe_overflow_surrounded_room,
          minmay_temple_entry_enclosed_plants, minmay_bent,
          uniq_crazy_yiuf_cottage
D:5:      layout_basic
D:6:      layout_loops_ring, nicolae_ru_the_path_less_chosen
D:7:      layout_cave_pools, serial_shops, nicolae_take_the_stairs,
          nicolae_phantomly_mirrored, uniq_menkaure
Temple:   nicolae_temple_ecumenical_triangle

Skill      XL: |  1  2  3  4  5  6  7  8  9 |
---------------+----------------------------+-----
Axes           | 3 4 5 6 7 |  7.0
Armour         | 4 5 6 |  6.2
Fighting       | 4 5 6 |  6.1
Shields        | 5 6 7 |  7.3
Invocations    | 1 3 4 |  4.0

Action                     |  1- 3 |  4- 6 |  7- 9 || total
---------------------------+-------+-------+-------++-------
  Melee: War axe           |    87 |   186 |   250 ||   523
 Invoke: Heroism           |       |       |     3 ||     3
    Use: Scroll            |       |     6 |     1 ||     7
 Armour: Scale mail        |    64 |   145 |    38 ||   247
         Chain mail        |       |       |   130 ||   130
         Plate armour      |       |       |    20 ||    20
  Dodge: Dodged            |    53 |    86 |    96 ||   235
  Block: Buckler           |    24 |    52 |    76 ||   152

Table legend: (Time is in decaauts)
 A = Elapsed time spent in this place.
 B = Non-inter-level travel time spent in this place.
 C = Inter-level travel time spent in this place.
 D = Time resting spent in this place.
 E = Time spent auto-exploring this place.
 F = Levels seen in this place.
 G = Mean time per level.
                   A        B        C        D        E       F      G
               +--------+--------+--------+--------+--------+-----+--------+
         Total |   6394 |   6257 |    137 |   1450 |   2809 |   8 |  799.2 |
       Dungeon |   6371 |   6242 |    129 |   1450 |   2809 |   7 |  910.1 |
        Temple |     22 |     14 |      8 |      0 |      0 |   1 |   22.0 |
               +--------+--------+--------+--------+--------+-----+--------+

Top non-repeatable levels by time:
     D:4: 1533 daAuts
     D:5: 1294 daAuts
     D:2: 1225 daAuts
     D:6: 849 daAuts
     D:3: 733 daAuts
     D:1: 609 daAuts
     D:7: 125 daAuts
  Temple: 22 daAuts
